Gangsters vs Saguenéens
Created - January 2, 2020 at 23:15
Goals
|
| Gangsters |
1 |
1 |
1 |
3 |
| Saguenéens |
1 |
1 |
4 |
6 |
|
Shots
|
| Gangsters |
14 |
14 |
12 |
40 |
| Saguenéens |
6 |
12 |
12 |
30 |
|
1st period
1. Gangsters , Artem Anisimov 17 (Dave Dziurzynski 25, Devante Smith-Pelly 19) at 13:21
2. Saguenéens , Garnet Hathaway 5 (Mason Raymond 18, Seth Helgeson 15) at 16:15
Penalties :
No Penalty
2nd period
3. Gangsters , Ryan Culkin 1 (Stefan Noesen 9, Kevin Roy 6) at 19:26
4. Saguenéens , Mason Raymond 18 (Garnet Hathaway 16, Kevin Marshall 10) at 19:38
Penalties :
Alexander Wennberg (Chi) for High sticking (Minor) at 4:10, Robert Hagg (Chi) for Holding (Minor) at 16:13, Dave Dziurzynski (Bro) for Roughing (Minor) at 16:34
3rd period
5. Saguenéens , Alexander Wennberg 18 (Mason Raymond 19) at 1:05
6. Saguenéens , Alexander Wennberg 19 (Mason Raymond 20, Garnet Hathaway 17) at 3:46
7. Saguenéens , Garnet Hathaway 6 (Mason Raymond 21, Alexander Wennberg 14) at 3:58
8. Gangsters , Artem Anisimov 18 (Dave Dziurzynski 26, Devante Smith-Pelly 20) at 4:43 (PP)
9. Saguenéens , Aleksander Barkov 17 (Carl Hagelin 15, Mark Stone 15) at 5:13
Penalties :
Seth Helgeson (Chi) for Cross-checking (Minor) at 0:03, Dave Dziurzynski (Bro) for Boarding (Minor) at 0:42, Aleksander Barkov (Chi) for Unsportsmanlike conduct (Minor) at 4:41, Matt Delahey (Bro) for Close Hand On Puck (Minor) at 8:19
Goalie Stats
Jordan Binnington (Bro), 6 saves from 7 shots - (0.857), 16:02 minutes
Dustin Tokarski (Bro), 18 saves from 23 shots - (0.783), L, 11-10-0, 43:58 minutes
Joe Cannata (Chi), 37 saves from 40 shots - (0.925), W, 14-8-1, 60:00 minutes
Players Stats for Gangsters
Player Name G A P +/- PIM S H SB GA TA FO MP PP MP PK MP
------------------------------------------------------------------------------------
Adam Lowry 0 0 0 0 0 2 1 1 0 0 0/1 8:13 0:00 0:00
Artem Anisimov 2 0 2 -3 0 8 0 2 0 0 12/39 22:42 2:04 1:30
Brett Ponich 0 0 0 -5 0 5 0 2 1 1 0/0 25:51 2:16 1:33
Connor Chatam 0 0 0 0 0 0 0 0 0 0 0/0 0:58 0:00 0:52
Dave Dziurzynski 0 2 2 -2 4 2 0 0 1 1 2/3 19:08 2:02 0:22
David Pope 0 0 0 -1 0 3 0 2 0 0 0/0 16:38 0:55 0:00
Derrick Pouliot 0 0 0 1 0 0 2 0 0 0 0/0 11:41 0:00 0:00
Devante Smith-Pelly 0 2 2 -3 0 6 2 0 1 0 5/6 22:35 2:04 1:28
Jacob Middleton 0 0 0 0 0 0 0 0 0 1 0/0 1:05 0:00 1:04
Jake Marchment 0 0 0 0 0 0 0 0 0 0 0/0 0:16 0:02 0:00
Jonas Brodin 0 0 0 0 0 0 1 2 1 0 0/0 17:35 0:45 1:26
Jordan Subban 0 0 0 0 0 0 0 0 0 0 0/0 0:00 0:00 0:00
Joshua Jacobs 0 0 0 0 0 0 0 0 0 0 0/0 4:53 0:00 0:00
Julius Vahatalo 0 0 0 0 0 0 0 0 0 0 0/0 1:11 0:02 0:21
Kevin Roy 0 1 1 0 0 1 0 0 0 0 1/4 10:07 0:00 0:00
Matt Delahey 0 0 0 -5 2 1 1 3 1 3 0/0 24:46 2:16 0:29
Morgan Ellis 0 0 0 0 0 0 1 2 1 1 0/0 17:35 0:45 1:26
Phillip Danault 0 0 0 0 0 0 2 1 0 0 0/0 10:44 0:00 0:36
Richard Panik 0 0 0 -1 0 4 0 1 0 0 0/0 17:55 0:55 0:43
Ryan Culkin 1 0 1 1 0 1 1 0 0 0 0/0 11:41 0:00 0:00
Samuel Blais 0 0 0 0 0 1 1 0 0 0 0/0 8:13 0:00 0:00
Sebastian Collberg 0 0 0 0 0 1 0 0 0 0 0/0 8:13 0:00 0:00
Seth Griffith 0 0 0 -1 0 1 2 2 0 0 10/15 16:44 0:55 0:06
Stefan Noesen 0 1 1 0 0 4 1 1 0 0 0/0 10:23 0:02 0:00
Steven Santini 0 0 0 0 0 0 0 0 0 0 0/0 4:53 0:00 0:00
Players Stats for Saguenéens
Player Name G A P +/- PIM S H SB GA TA FO MP PP MP PK MP
------------------------------------------------------------------------------------
Adam Erne 0 0 0 0 0 1 1 0 0 0 0/0 7:56 0:00 0:00
Aleksander Barkov 1 0 1 1 2 3 1 0 0 0 4/11 16:35 1:22 0:29
Alexander Wennberg 2 1 3 4 2 4 1 0 0 0 26/44 22:29 1:37 0:00
Carl Hagelin 0 1 1 1 0 2 1 0 1 0 0/0 15:36 1:22 0:00
Craig Cunningham 0 0 0 -1 0 1 3 0 1 0 0/0 11:20 0:00 0:53
Duncan Siemens 0 0 0 0 0 0 2 1 0 1 0/0 13:52 0:24 1:21
Garnet Hathaway 2 2 4 3 0 4 3 0 0 0 1/1 20:18 1:13 0:00
Henrik Samuelsson 0 0 0 0 0 1 0 0 0 1 3/3 9:52 0:00 1:56
Kevin Marshall 0 1 1 6 0 3 0 0 2 1 0/0 29:18 2:12 1:30
Mark Stone 0 1 1 1 0 0 1 0 0 0 1/1 15:36 1:22 0:00
Mason Raymond 1 4 5 4 0 3 1 2 0 0 0/3 23:38 1:37 1:09
Mike Amadio 0 0 0 -1 0 1 0 0 0 1 3/5 10:36 0:00 0:20
Nick Mattson 0 0 0 -2 0 1 0 0 0 0 0/0 18:33 0:47 1:00
Patrick Sieloff 0 0 0 1 0 0 1 1 0 1 0/0 14:39 0:47 0:31
Rhett Rakhshani 0 0 0 -1 0 2 1 0 0 0 0/0 11:01 0:00 0:45
Robert Hagg 0 0 0 -2 2 1 1 0 0 0 0/0 17:46 0:00 1:40
Seth Helgeson 0 1 1 5 2 3 3 3 2 1 0/0 26:14 2:12 0:00
Teemu Pulkkinen 0 0 0 0 0 0 2 0 1 0 0/0 8:38 0:00 0:30
3 Stars
1 - Mason Raymond (Chi)
2 - Garnet Hathaway (Chi)
3 - Alexander Wennberg (Chi)
Power Play
Gangsters - 1 on 4 Attempt(s) - 25.00%
Saguenéens - 0 on 3 Attempt(s) - 0.00%
Penalty Kill
Gangsters - 3 on 3 Attempt(s) - 100.00%
- Score 0 goal in Penalty Kill
Saguenéens - 3 on 4 Attempt(s) - 75.00%
- Score 0 goal in Penalty Kill
Team Stat
Gangsters - Hits : 15 - Faceoff Wins : 30 - Blocked Shots : 19 - Penalty Minutes : 6
Saguenéens - Hits : 22 - Faceoff Wins : 38 - Blocked Shots : 7 - Penalty Minutes : 8
Official
Referees : Unknown
Linesman : Unknown
Game Notes
Jordan Binnington enters game at 3:58 of 3rd period
Finance
Level 1 -- Attendance: 1463 (73.15%) -- Ticket Income $58,520
Level 2 -- Attendance: 707 (70.70%) -- Ticket Income $14,140
Total Attendance: 2170 (72.33%)
Total Ticket Income: $72,660
Other Income: $3,633
Total Income: $76,293
Gangsters
5 vs 5 Forward
Center Left Wing Right Wing Time % Phy DF OF
1 Artem Anisimov Dave Dziurzynski Devante Smith-Pelly 40 1 2 2
2 Seth Griffith David Pope Richard Panik 30 1 2 2
3 Kevin Roy Phillip Danault Stefan Noesen 20 1 2 2
4 Adam Lowry Samuel Blais Sebastian Collberg 10 1 2 2
5 vs 5 Defense
Defense Defense Time % Phy DF OF
1 Matt Delahey Brett Ponich 40 1 2 2
2 Morgan Ellis Jonas Brodin 30 1 2 2
3 Derrick Pouliot Ryan Culkin 20 1 2 2
4 Steven Santini Joshua Jacobs 10 1 2 2
PowerPlay Forward
Center Left Wing Right Wing Time % Phy DF OF
1 Artem Anisimov Dave Dziurzynski Devante Smith-Pelly 60 1 2 2
2 Seth Griffith David Pope Richard Panik 40 1 2 2
PowerPlay Defense
Defense Defense Time % Phy DF OF
1 Matt Delahey Brett Ponich 60 1 2 2
2 Morgan Ellis Jonas Brodin 40 1 2 2
Penalty Kill 4 Players Forward
Center Wing Time % Phy DF OF
1 Artem Anisimov Devante Smith-Pelly 60 1 2 2
2 Richard Panik Dave Dziurzynski 40 1 2 2
Penalty Kill 4 Players Defense
Defense Defense Time % Phy DF OF
1 Matt Delahey Brett Ponich 60 1 2 2
2 Morgan Ellis Jonas Brodin 40 1 2 2
Penalty Kill - 3 Players Forward
Forward Time % Phy DF OF
1 Artem Anisimov 60 1 2 2
2 Devante Smith-Pelly 40 1 2 2
Penalty Kill - 3 Players Defense
Defense Defense Time % Phy DF OF
1 Matt Delahey Brett Ponich 60 1 2 2
2 Morgan Ellis Jonas Brodin 40 1 2 2
4 vs 4 Forward
Center Wing Time % Phy DF OF
1 Artem Anisimov Devante Smith-Pelly 60 1 2 2
2 Richard Panik Dave Dziurzynski 40 1 2 2
4 vs 4 Defense
Defense Defense Time % Phy DF OF
1 Matt Delahey Brett Ponich 60 1 2 2
2 Morgan Ellis Jonas Brodin 40 1 2 2
Last Minutes Offensive
Center Left Wing Right Wing Defense Defense
Artem Anisimov Dave Dziurzynski Devante Smith-Pelly Matt Delahey Brett Ponich
Last Minutes Defensive
Center Left Wing Right Wing Defense Defense
Artem Anisimov Dave Dziurzynski Devante Smith-Pelly Matt Delahey Brett Ponich
Goaltenders
Starting : Dustin Tokarski
Backup : Jordan Binnington
Extra Forwards
Normal : Julius Vahatalo, Jake Marchment, Connor Chatam - PP : Julius Vahatalo, Jake Marchment - PK : Connor Chatam
Extra Defensemen
Normal : Jordan Subban, Jacob Middleton, Derrick Pouliot - PP : Jordan Subban - PK : Jacob Middleton, Derrick Pouliot
Penalty Shots
Artem Anisimov, Devante Smith-Pelly, Richard Panik, Dave Dziurzynski, Stefan Noesen
Scratches
Hugo Fagerblom (Healthy)
Saguenéens
5 vs 5 Forward
Center Left Wing Right Wing Time % Phy DF OF
1 Alexander Wennberg Mason Raymond Garnet Hathaway 40 1 2 2
2 Aleksander Barkov Carl Hagelin Mark Stone 30 1 2 2
3 Mike Amadio Craig Cunningham Rhett Rakhshani 20 1 2 2
4 Henrik Samuelsson Teemu Pulkkinen Adam Erne 10 1 2 2
5 vs 5 Defense
Defense Defense Time % Phy DF OF
1 Kevin Marshall Seth Helgeson 40 1 2 2
2 Robert Hagg Nick Mattson 30 1 2 2
3 Patrick Sieloff Duncan Siemens 20 1 2 2
4 Kevin Marshall Seth Helgeson 10 1 2 2
PowerPlay Forward
Center Left Wing Right Wing Time % Phy DF OF
1 Alexander Wennberg Mason Raymond Garnet Hathaway 60 1 2 2
2 Aleksander Barkov Carl Hagelin Mark Stone 40 1 2 2
PowerPlay Defense
Defense Defense Time % Phy DF OF
1 Kevin Marshall Seth Helgeson 60 1 2 2
2 Patrick Sieloff Nick Mattson 40 1 2 2
Penalty Kill 4 Players Forward
Center Wing Time % Phy DF OF
1 Henrik Samuelsson Mason Raymond 60 1 2 2
2 Mike Amadio Craig Cunningham 40 1 2 2
Penalty Kill 4 Players Defense
Defense Defense Time % Phy DF OF
1 Kevin Marshall Robert Hagg 60 1 2 2
2 Duncan Siemens Nick Mattson 40 1 2 2
Penalty Kill - 3 Players Forward
Forward Time % Phy DF OF
1 Henrik Samuelsson 60 1 2 2
2 Mike Amadio 40 1 2 2
Penalty Kill - 3 Players Defense
Defense Defense Time % Phy DF OF
1 Kevin Marshall Robert Hagg 60 1 2 2
2 Duncan Siemens Nick Mattson 40 1 2 2
4 vs 4 Forward
Center Wing Time % Phy DF OF
1 Alexander Wennberg Mason Raymond 60 1 2 2
2 Aleksander Barkov Garnet Hathaway 40 1 2 2
4 vs 4 Defense
Defense Defense Time % Phy DF OF
1 Kevin Marshall Seth Helgeson 60 1 2 2
2 Patrick Sieloff Nick Mattson 40 1 2 2
Last Minutes Offensive
Center Left Wing Right Wing Defense Defense
Alexander Wennberg Mason Raymond Garnet Hathaway Kevin Marshall Seth Helgeson
Last Minutes Defensive
Center Left Wing Right Wing Defense Defense
Aleksander Barkov Mason Raymond Garnet Hathaway Kevin Marshall Robert Hagg
Goaltenders
Starting : Joe Cannata
Backup : Tyler Beskorowany
Extra Forwards
Normal : Craig Cunningham, Teemu Pulkkinen, Rhett Rakhshani - PP : Craig Cunningham, Teemu Pulkkinen - PK : Rhett Rakhshani
Extra Defensemen
Normal : Patrick Sieloff, Duncan Siemens, Seth Helgeson - PP : Patrick Sieloff - PK : Duncan Siemens, Kevin Marshall
Penalty Shots
Garnet Hathaway, Mason Raymond, Mark Stone, Alexander Wennberg, Aleksander Barkov
Scratches
Mikhail Grigorenko (Healthy), Tanner Richard (Healthy), Juraj Mikus (Healthy), Myles Bell (Healthy), Dylan Labbe (Healthy)
Nick Paul (Healthy), Mattias Janmark (Healthy), Calle Andersson (Healthy), Julius Honka (Healthy), Clark Bishop (Healthy)
Nikita Scherbak (Healthy), JJ. Piccinich (Healthy), Michael Giugovaz (Healthy)
% Time on Ice - Gangsters
Lines # - Real PCT - Wanted PCT - Time Play
Normal Forward
1 - 33% - 40% - 16:58
2 - 31% - 30% - 15:44
3 - 20% - 20% - 10:07
4 - 16% - 10% - 8:13
Normal Defense
1 - 38% - 40% - 19:36
2 - 29% - 30% - 14:52
3 - 23% - 20% - 11:41
4 - 10% - 10% - 4:53
PP Forward
1 - 70% - 60% - 2:06
2 - 30% - 40% - 0:55
PP Defense
1 - 75% - 60% - 2:16
2 - 25% - 40% - 0:45
PK Forward
1 - 76% - 60% - 2:16
2 - 24% - 40% - 0:43
PK Defense
1 - 52% - 60% - 1:33
2 - 48% - 40% - 1:26
PK3 Forward
1 - 0% - 60%
2 - 0% - 40%
PK3 Defense
1 - 0% - 60%
2 - 0% - 40%
44 Forward
1 - 81% - 60% - 2:25
2 - 19% - 40% - 0:33
44 Defense
1 - 82% - 60% - 2:26
2 - 18% - 40% - 0:32
Last Minute Offensive - 0:00
Last Minute Defensive - 0:00
Total
Forward - 60:00
Defense - 60:00
|
% Time on Ice - Saguenéens
Lines # - Real PCT - Wanted PCT - Time Play
Normal Forward
1 - 36% - 40% - 18:36
2 - 28% - 30% - 14:14
3 - 20% - 20% - 10:16
4 - 16% - 10% - 7:56
Normal Defense
1 - 39% - 40% - 20:07
2 - 32% - 30% - 16:09
3 - 23% - 20% - 11:38
4 - 6% - 10% - 3:08
PP Forward
1 - 54% - 60% - 1:37
2 - 46% - 40% - 1:22
PP Defense
1 - 74% - 60% - 2:12
2 - 26% - 40% - 0:47
PK Forward
1 - 89% - 60% - 2:41
2 - 11% - 40% - 0:20
PK Defense
1 - 67% - 60% - 2:01
2 - 33% - 40% - 1:00
PK3 Forward
1 - 0% - 60%
2 - 0% - 40%
PK3 Defense
1 - 0% - 60%
2 - 0% - 40%
44 Forward
1 - 83% - 60% - 2:28
2 - 17% - 40% - 0:30
44 Defense
1 - 79% - 60% - 2:21
2 - 21% - 40% - 0:37
Last Minute Offensive - 0:00
Last Minute Defensive - 0:00
Total
Forward - 60:00
Defense - 60:00
|
Play-by-Play
1st period
0:01 of 1st period - Artem Anisimov wins face-off versus Alexander Wennberg in neutral zone.
0:16 of 1st period - Snap shot by Alexander Wennberg.
0:16 of 1st period - Shot Hit the Post.
1:28 of 1st period - Devante Smith-Pelly is hit by Garnet Hathaway and loses puck.
1:59 of 1st period - David Pope is hit by Mark Stone and loses puck.
2:12 of 1st period - Wrist shot by Rhett Rakhshani.
2:12 of 1st period - Shot Misses the Net.
2:14 of 1st period - Wrist shot by Craig Cunningham.
2:14 of 1st period - Shot Misses the Net.
2:16 of 1st period - Slapshot by Robert Hagg.
2:16 of 1st period - Shot Blocked by Stefan Noesen.
2:22 of 1st period - Joshua Jacobs is hit by Craig Cunningham and loses puck.
2:39 of 1st period - Wrist shot by Brett Ponich.
2:39 of 1st period - Stopped by Joe Cannata with a rebound.
4:19 of 1st period - Wrist shot by Dave Dziurzynski.
4:19 of 1st period - Shot Misses the Net.
4:55 of 1st period - Phillip Danault is hit by Craig Cunningham and loses puck.
5:03 of 1st period - Off-side.
5:04 of 1st period - Dave Dziurzynski wins face-off versus Alexander Wennberg in neutral zone.
5:32 of 1st period - Kevin Marshall is hit by Seth Griffith.
5:33 of 1st period - Icing by Kevin Marshall.
5:34 of 1st period - Seth Griffith wins face-off versus Aleksander Barkov in Saguenéens zone.
5:35 of 1st period - Snap shot by Richard Panik.
5:35 of 1st period - Stopped by Joe Cannata with a rebound.
6:28 of 1st period - Slapshot by Stefan Noesen.
6:28 of 1st period - Stopped by Joe Cannata with a rebound.
6:38 of 1st period - Duncan Siemens is hit by Adam Lowry and loses puck.
7:23 of 1st period - Derrick Pouliot is hit by Robert Hagg and loses puck.
7:53 of 1st period - Kevin Marshall is hit by Derrick Pouliot and loses puck.
8:00 of 1st period - Derrick Pouliot is hit by Rhett Rakhshani and loses puck.
8:41 of 1st period - Backhand shot by Mark Stone.
8:41 of 1st period - Shot Blocked by David Pope.
9:19 of 1st period - Wrist shot by Stefan Noesen.
9:19 of 1st period - Stopped by Joe Cannata without a rebound.
9:20 of 1st period - Seth Griffith wins face-off versus Mike Amadio in Saguenéens zone.
9:31 of 1st period - Snap shot by Rhett Rakhshani.
9:31 of 1st period - Shot Blocked by Seth Griffith.
9:42 of 1st period - Icing by Devante Smith-Pelly.
9:43 of 1st period - Alexander Wennberg wins face-off versus Artem Anisimov in Gangsters zone.
9:44 of 1st period - Wrist shot by Garnet Hathaway.
9:44 of 1st period - Shot Misses the Net.
9:54 of 1st period - Slapshot by Artem Anisimov.
9:54 of 1st period - Shot Misses the Net.
10:12 of 1st period - Snap shot by Artem Anisimov.
10:12 of 1st period - Stopped by Joe Cannata with a rebound.
10:14 of 1st period - Slapshot by Brett Ponich.
10:14 of 1st period - Shot Misses the Net.
10:20 of 1st period - Slapshot by Richard Panik.
10:20 of 1st period - Shot Misses the Net.
10:22 of 1st period - Slapshot by Brett Ponich.
10:22 of 1st period - Deflect By Robert Hagg.
10:22 of 1st period - Stopped by Joe Cannata without a rebound.
10:23 of 1st period - Alexander Wennberg wins face-off versus Kevin Roy in Saguenéens zone.
10:23 of 1st period - Alexander Wennberg is hit by Phillip Danault.
10:49 of 1st period - Jonas Brodin is hit by Craig Cunningham and loses puck.
10:57 of 1st period - Icing by Morgan Ellis.
10:58 of 1st period - Alexander Wennberg wins face-off versus Kevin Roy in Gangsters zone.
13:09 of 1st period - Snap shot by Craig Cunningham.
13:09 of 1st period - Shot Blocked by Phillip Danault.
13:11 of 1st period - Snap shot by Rhett Rakhshani.
13:11 of 1st period - Stopped by Dustin Tokarski without a rebound.
13:12 of 1st period - Artem Anisimov wins face-off versus Alexander Wennberg in Gangsters zone.
13:19 of 1st period - Snap shot by Dave Dziurzynski.
13:19 of 1st period - Stopped by Joe Cannata with a rebound.
13:21 of 1st period - Snap shot by Artem Anisimov.
13:21 of 1st period - Goal by Artem Anisimov - Gangsters : 1 - Saguenéens : 0.
13:22 of 1st period - Alexander Wennberg wins face-off versus Artem Anisimov in neutral zone.
13:22 of 1st period - Alexander Wennberg is hit by Ryan Culkin.
13:48 of 1st period - Seth Griffith is hit by Seth Helgeson and loses puck.
13:55 of 1st period - Snap shot by Aleksander Barkov.
13:55 of 1st period - Stopped by Dustin Tokarski with a rebound.
14:22 of 1st period - Slapshot by Aleksander Barkov.
14:22 of 1st period - Stopped by Dustin Tokarski with a rebound.
14:37 of 1st period - Icing by David Pope.
14:38 of 1st period - Seth Griffith wins face-off versus Alexander Wennberg in Gangsters zone.
14:38 of 1st period - Seth Griffith is hit by Seth Helgeson.
14:52 of 1st period - Snap shot by Alexander Wennberg.
14:52 of 1st period - Shot Misses the Net.
15:27 of 1st period - Wrist shot by Devante Smith-Pelly.
15:27 of 1st period - Stopped by Joe Cannata with a rebound.
15:29 of 1st period - Snap shot by Dave Dziurzynski.
15:29 of 1st period - Shot Blocked by Patrick Sieloff.
15:33 of 1st period - Wrist shot by Dave Dziurzynski.
15:33 of 1st period - Stopped by Joe Cannata with a rebound.
15:35 of 1st period - Snap shot by Devante Smith-Pelly.
15:35 of 1st period - Stopped by Joe Cannata with a rebound.
15:43 of 1st period - Snap shot by Artem Anisimov.
15:43 of 1st period - Stopped by Joe Cannata with a rebound.
15:59 of 1st period - Snap shot by Devante Smith-Pelly.
15:59 of 1st period - Stopped by Joe Cannata without a rebound.
16:00 of 1st period - Kevin Roy wins face-off versus Alexander Wennberg in Saguenéens zone.
16:15 of 1st period - Wrist shot by Garnet Hathaway.
16:15 of 1st period - Goal by Garnet Hathaway - Gangsters : 1 - Saguenéens : 1.
16:16 of 1st period - Alexander Wennberg wins face-off versus Seth Griffith in neutral zone.
16:31 of 1st period - Wrist shot by Garnet Hathaway.
16:31 of 1st period - Stopped by Dustin Tokarski without a rebound.
16:32 of 1st period - Aleksander Barkov wins face-off versus Artem Anisimov in Gangsters zone.
17:21 of 1st period - Snap shot by Craig Cunningham.
17:21 of 1st period - Deflect By Richard Panik.
17:21 of 1st period - Shot Blocked by Richard Panik.
17:21 of 1st period - Puck is out of play.
17:22 of 1st period - Seth Griffith wins face-off versus Aleksander Barkov in Gangsters zone.
17:47 of 1st period - Dave Dziurzynski is hit by Alexander Wennberg and loses puck.
18:31 of 1st period - Snap shot by Stefan Noesen.
18:31 of 1st period - Stopped by Joe Cannata with a rebound.
18:59 of 1st period - Wrist shot by Alexander Wennberg.
18:59 of 1st period - Shot Blocked by Jonas Brodin.
19:31 of 1st period - Matt Delahey is hit by Adam Erne and loses puck.
19:38 of 1st period - Slapshot by Henrik Samuelsson.
19:38 of 1st period - Stopped by Dustin Tokarski with a rebound.
19:57 of 1st period - Icing by Steven Santini.
19:58 of 1st period - Alexander Wennberg wins face-off versus Kevin Roy in Gangsters zone.
Goals for this period are 1 for Gangsters vs 1 for Saguenéens.
Shots for this period are 14 for Gangsters vs 6 for Saguenéens.
2nd period
0:01 of 2nd period - Artem Anisimov wins face-off versus Alexander Wennberg in neutral zone.
0:15 of 2nd period - Off-side.
0:16 of 2nd period - Seth Griffith wins face-off versus Aleksander Barkov in neutral zone.
0:27 of 2nd period - Snap shot by Richard Panik.
0:27 of 2nd period - Shot Misses the Net.
0:29 of 2nd period - Snap shot by Seth Griffith.
0:29 of 2nd period - Shot Misses the Net.
0:31 of 2nd period - Wrist shot by Seth Griffith.
0:31 of 2nd period - Shot Misses the Net.
1:10 of 2nd period - Snap shot by Rhett Rakhshani.
1:10 of 2nd period - Shot Blocked by Morgan Ellis.
1:12 of 2nd period - Snap shot by Craig Cunningham.
1:12 of 2nd period - Shot Misses the Net.
1:46 of 2nd period - Icing by Seth Griffith.
1:47 of 2nd period - Seth Griffith wins face-off versus Aleksander Barkov in Gangsters zone.
1:47 of 2nd period - Seth Griffith is hit by Carl Hagelin.
2:32 of 2nd period - Snap shot by David Pope.
2:32 of 2nd period - Shot Misses the Net.
2:34 of 2nd period - Slapshot by Matt Delahey.
2:34 of 2nd period - Stopped by Joe Cannata without a rebound.
2:35 of 2nd period - Devante Smith-Pelly wins face-off versus Alexander Wennberg in Saguenéens zone.
2:36 of 2nd period - Snap shot by Artem Anisimov.
2:36 of 2nd period - Stopped by Joe Cannata without a rebound.
2:37 of 2nd period - Alexander Wennberg wins face-off versus Dave Dziurzynski in Saguenéens zone.
3:30 of 2nd period - Mason Raymond is hit by Samuel Blais and loses puck.
3:45 of 2nd period - Wrist shot by Sebastian Collberg.
3:45 of 2nd period - Shot Misses the Net.
3:47 of 2nd period - Snap shot by Adam Lowry.
3:47 of 2nd period - Stopped by Joe Cannata with a rebound.
3:49 of 2nd period - Slapshot by Samuel Blais.
3:49 of 2nd period - Stopped by Joe Cannata with a rebound.
4:10 of 2nd period - Minor Penalty to Alexander Wennberg for High sticking.
4:11 of 2nd period - Henrik Samuelsson wins face-off versus Artem Anisimov in Saguenéens zone.
4:42 of 2nd period - Wrist shot by David Pope.
4:42 of 2nd period - Shot Misses the Net.
4:44 of 2nd period - Wrist shot by Richard Panik.
4:44 of 2nd period - Shot Misses the Net.
4:46 of 2nd period - Wrist shot by David Pope.
4:46 of 2nd period - Shot Misses the Net.
5:26 of 2nd period - Devante Smith-Pelly is hit by Duncan Siemens and loses puck.
6:10 of 2nd period - Penalty to Alexander Wennberg is over, Alexander Wennberg is back on ice.
6:55 of 2nd period - Patrick Sieloff is hit by Stefan Noesen and loses puck.
7:30 of 2nd period - Seth Griffith is hit by Duncan Siemens and loses puck.
9:02 of 2nd period - Nick Mattson is hit by Devante Smith-Pelly and loses puck.
9:49 of 2nd period - Snap shot by David Pope.
9:49 of 2nd period - Stopped by Joe Cannata with a rebound.
9:51 of 2nd period - Wrist shot by David Pope.
9:51 of 2nd period - Stopped by Joe Cannata with a rebound.
9:53 of 2nd period - Slapshot by Richard Panik.
9:53 of 2nd period - Stopped by Joe Cannata without a rebound.
9:54 of 2nd period - Alexander Wennberg wins face-off versus Artem Anisimov in Saguenéens zone.
9:56 of 2nd period - Icing by Garnet Hathaway.
9:57 of 2nd period - Artem Anisimov wins face-off versus Alexander Wennberg in Saguenéens zone.
11:02 of 2nd period - Kevin Roy is hit by Garnet Hathaway and loses puck.
11:45 of 2nd period - Wrist shot by Artem Anisimov.
11:45 of 2nd period - Stopped by Joe Cannata without a rebound.
11:46 of 2nd period - Seth Griffith wins face-off versus Aleksander Barkov in Saguenéens zone.
11:51 of 2nd period - Snap shot by Seth Griffith.
11:51 of 2nd period - Stopped by Joe Cannata without a rebound.
11:52 of 2nd period - Seth Griffith wins face-off versus Alexander Wennberg in Saguenéens zone.
11:57 of 2nd period - Snap shot by Richard Panik.
11:57 of 2nd period - Stopped by Joe Cannata with a rebound.
11:59 of 2nd period - Wrist shot by Matt Delahey.
11:59 of 2nd period - Deflect By Seth Griffith.
11:59 of 2nd period - Shot Misses the Net.
11:59 of 2nd period - Puck is out of play.
12:00 of 2nd period - Alexander Wennberg wins face-off versus Artem Anisimov in Saguenéens zone.
12:07 of 2nd period - Slapshot by Mason Raymond.
12:07 of 2nd period - Shot Blocked by Artem Anisimov.
12:09 of 2nd period - Slapshot by Seth Helgeson.
12:09 of 2nd period - Shot Blocked by Brett Ponich.
12:11 of 2nd period - Slapshot by Kevin Marshall.
12:11 of 2nd period - Shot Blocked by Matt Delahey.
12:31 of 2nd period - Off-side.
12:32 of 2nd period - Devante Smith-Pelly wins face-off versus Aleksander Barkov in neutral zone.
12:45 of 2nd period - Slapshot by Nick Mattson.
12:45 of 2nd period - Shot Blocked by Morgan Ellis.
13:27 of 2nd period - Snap shot by Rhett Rakhshani.
13:27 of 2nd period - Stopped by Dustin Tokarski with a rebound.
13:29 of 2nd period - Wrist shot by Seth Helgeson.
13:29 of 2nd period - Shot Misses the Net.
13:56 of 2nd period - Icing by Teemu Pulkkinen.
13:57 of 2nd period - Henrik Samuelsson wins face-off versus Artem Anisimov in Saguenéens zone.
14:26 of 2nd period - Wrist shot by Seth Griffith.
14:26 of 2nd period - Shot Misses the Net.
14:52 of 2nd period - Slapshot by Kevin Roy.
14:52 of 2nd period - Stopped by Joe Cannata without a rebound.
14:53 of 2nd period - Alexander Wennberg wins face-off versus Artem Anisimov in Saguenéens zone.
15:20 of 2nd period - Mark Stone is hit by Derrick Pouliot and loses puck.
15:29 of 2nd period - Snap shot by Carl Hagelin.
15:29 of 2nd period - Stopped by Dustin Tokarski without a rebound.
15:30 of 2nd period - Mike Amadio wins face-off versus Artem Anisimov in Gangsters zone.
15:31 of 2nd period - Snap shot by Craig Cunningham.
15:31 of 2nd period - Shot Blocked by Artem Anisimov.
15:37 of 2nd period - Seth Helgeson is hit by Morgan Ellis and loses puck.
15:56 of 2nd period - Slapshot by Seth Helgeson.
15:56 of 2nd period - Shot Misses the Net.
15:58 of 2nd period - Slapshot by Kevin Marshall.
15:58 of 2nd period - Stopped by Dustin Tokarski with a rebound.
16:00 of 2nd period - Wrist shot by Seth Helgeson.
16:00 of 2nd period - Shot Blocked by Jonas Brodin.
16:02 of 2nd period - Backhand shot by Seth Helgeson.
16:02 of 2nd period - Deflect By David Pope.
16:02 of 2nd period - Stopped by Dustin Tokarski without a rebound.
16:03 of 2nd period - Alexander Wennberg wins face-off versus Artem Anisimov in Gangsters zone.
16:13 of 2nd period - Minor Penalty to Robert Hagg for Holding.
16:14 of 2nd period - Henrik Samuelsson wins face-off versus Artem Anisimov in Saguenéens zone.
16:14 of 2nd period - Henrik Samuelsson is hit by Devante Smith-Pelly.
16:34 of 2nd period - Minor Penalty to Dave Dziurzynski for Roughing.
16:35 of 2nd period - Artem Anisimov wins face-off versus Alexander Wennberg in Gangsters zone.
16:40 of 2nd period - Snap shot by Alexander Wennberg.
16:40 of 2nd period - Stopped by Dustin Tokarski without a rebound.
16:41 of 2nd period - Alexander Wennberg wins face-off versus Artem Anisimov in Gangsters zone.
16:48 of 2nd period - Snap shot by Alexander Wennberg.
16:48 of 2nd period - Deflect By Mason Raymond.
16:48 of 2nd period - Shot Hit the Post.
16:48 of 2nd period - Puck is out of play.
16:49 of 2nd period - Alexander Wennberg wins face-off versus Artem Anisimov in Gangsters zone.
16:58 of 2nd period - Wrist shot by Mason Raymond.
16:58 of 2nd period - Stopped by Dustin Tokarski without a rebound.
16:59 of 2nd period - Alexander Wennberg wins face-off versus Artem Anisimov in Gangsters zone.
17:00 of 2nd period - Wrist shot by Mason Raymond.
17:00 of 2nd period - Shot Misses the Net.
17:02 of 2nd period - Slapshot by Seth Helgeson.
17:02 of 2nd period - Stopped by Dustin Tokarski with a rebound.
17:04 of 2nd period - Slapshot by Kevin Marshall.
17:04 of 2nd period - Deflect By Devante Smith-Pelly.
17:04 of 2nd period - Stopped by Dustin Tokarski with a rebound.
17:06 of 2nd period - Wrist shot by Mason Raymond.
17:06 of 2nd period - Shot Misses the Net.
17:08 of 2nd period - Slapshot by Seth Helgeson.
17:08 of 2nd period - Shot Blocked by Matt Delahey.
17:18 of 2nd period - Snap shot by Mason Raymond.
17:18 of 2nd period - Shot Misses the Net.
17:20 of 2nd period - Slapshot by Kevin Marshall.
17:20 of 2nd period - Stopped by Dustin Tokarski with a rebound.
17:22 of 2nd period - Wrist shot by Mason Raymond.
17:22 of 2nd period - Stopped by Dustin Tokarski with a rebound.
17:24 of 2nd period - Wrist shot by Seth Helgeson.
17:24 of 2nd period - Stopped by Dustin Tokarski without a rebound.
17:25 of 2nd period - Alexander Wennberg wins face-off versus Artem Anisimov in Gangsters zone.
18:13 of 2nd period - Penalty to Robert Hagg is over, Robert Hagg is back on ice.
18:22 of 2nd period - Wrist shot by Mark Stone.
18:22 of 2nd period - Shot Misses the Net.
18:34 of 2nd period - Penalty to Dave Dziurzynski is over, Dave Dziurzynski is back on ice.
18:49 of 2nd period - Slapshot by Brett Ponich.
18:49 of 2nd period - Deflect By Mason Raymond.
18:49 of 2nd period - Stopped by Joe Cannata with a rebound.
18:51 of 2nd period - Slapshot by Brett Ponich.
18:51 of 2nd period - Stopped by Joe Cannata without a rebound.
18:52 of 2nd period - Aleksander Barkov wins face-off versus Adam Lowry in Saguenéens zone.
19:19 of 2nd period - Craig Cunningham is hit by Phillip Danault and loses puck.
19:24 of 2nd period - Wrist shot by Stefan Noesen.
19:24 of 2nd period - Shot Misses the Net.
19:26 of 2nd period - Slapshot by Ryan Culkin.
19:26 of 2nd period - Deflect By Robert Hagg.
19:26 of 2nd period - Goal by Ryan Culkin - Gangsters : 2 - Saguenéens : 1.
19:27 of 2nd period - Artem Anisimov wins face-off versus Mason Raymond in neutral zone.
19:29 of 2nd period - Matt Delahey is hit by Mason Raymond and loses puck.
19:38 of 2nd period - Wrist shot by Mason Raymond.
19:38 of 2nd period - Goal by Mason Raymond - Gangsters : 2 - Saguenéens : 2.
19:39 of 2nd period - Alexander Wennberg wins face-off versus Artem Anisimov in neutral zone.
Goals for this period are 1 for Gangsters vs 1 for Saguenéens.
Shots for this period are 14 for Gangsters vs 12 for Saguenéens.
3rd period
0:01 of 3rd period - Alexander Wennberg wins face-off versus Artem Anisimov in neutral zone.
0:03 of 3rd period - Minor Penalty to Seth Helgeson for Cross-checking.
0:04 of 3rd period - Artem Anisimov wins face-off versus Mason Raymond in Saguenéens zone.
0:36 of 3rd period - Snap shot by Devante Smith-Pelly.
0:36 of 3rd period - Shot Misses the Net.
0:42 of 3rd period - Minor Penalty to Dave Dziurzynski for Boarding.
0:43 of 3rd period - Alexander Wennberg wins face-off versus Artem Anisimov in Gangsters zone.
1:01 of 3rd period - Icing by Artem Anisimov.
1:02 of 3rd period - Alexander Wennberg wins face-off versus Devante Smith-Pelly in Gangsters zone.
1:05 of 3rd period - Slapshot by Alexander Wennberg.
1:05 of 3rd period - Goal by Alexander Wennberg - Gangsters : 2 - Saguenéens : 3.
1:06 of 3rd period - Artem Anisimov wins face-off versus Alexander Wennberg in neutral zone.
1:09 of 3rd period - Slapshot by Brett Ponich.
1:09 of 3rd period - Shot Misses the Net.
1:11 of 3rd period - Snap shot by Brett Ponich.
1:11 of 3rd period - Stopped by Joe Cannata with a rebound.
1:13 of 3rd period - Snap shot by Devante Smith-Pelly.
1:13 of 3rd period - Shot Misses the Net.
2:03 of 3rd period - Penalty to Seth Helgeson is over, Seth Helgeson is back on ice.
2:18 of 3rd period - Wrist shot by Alexander Wennberg.
2:18 of 3rd period - Stopped by Dustin Tokarski with a rebound.
2:42 of 3rd period - Penalty to Dave Dziurzynski is over, Dave Dziurzynski is back on ice.
2:56 of 3rd period - Wrist shot by Richard Panik.
2:56 of 3rd period - Stopped by Joe Cannata without a rebound.
2:57 of 3rd period - Mike Amadio wins face-off versus Seth Griffith in Saguenéens zone.
3:04 of 3rd period - Backhand shot by Craig Cunningham.
3:04 of 3rd period - Shot Blocked by David Pope.
3:06 of 3rd period - Snap shot by Rhett Rakhshani.
3:06 of 3rd period - Deflect By Mike Amadio.
3:06 of 3rd period - Stopped by Dustin Tokarski without a rebound.
3:07 of 3rd period - Mike Amadio wins face-off versus Seth Griffith in Gangsters zone.
3:35 of 3rd period - Slapshot by Robert Hagg.
3:35 of 3rd period - Deflect By Alexander Wennberg.
3:35 of 3rd period - Shot Misses the Net.
3:35 of 3rd period - Puck is out of play.
3:36 of 3rd period - Garnet Hathaway wins face-off versus Artem Anisimov in Gangsters zone.
3:46 of 3rd period - Snap shot by Alexander Wennberg.
3:46 of 3rd period - Goal by Alexander Wennberg - Gangsters : 2 - Saguenéens : 4.
3:47 of 3rd period - Alexander Wennberg wins face-off versus Artem Anisimov in neutral zone.
3:49 of 3rd period - Seth Helgeson is hit by Matt Delahey and loses puck.
3:58 of 3rd period - Snap shot by Mason Raymond.
3:58 of 3rd period - Deflect By Garnet Hathaway.
3:58 of 3rd period - Goal by Garnet Hathaway - Gangsters : 2 - Saguenéens : 5.
3:58 of 3rd period - Jordan Binnington enters game.
3:59 of 3rd period - Alexander Wennberg wins face-off versus Artem Anisimov in neutral zone.
4:26 of 3rd period - Seth Griffith is hit by Seth Helgeson and loses puck.
4:41 of 3rd period - Minor Penalty to Aleksander Barkov for Unsportsmanlike conduct.
4:42 of 3rd period - Devante Smith-Pelly wins face-off versus Mason Raymond in Saguenéens zone.
4:43 of 3rd period - Wrist shot by Dave Dziurzynski.
4:43 of 3rd period - Deflect By Artem Anisimov.
4:43 of 3rd period - Goal by Artem Anisimov - Gangsters : 3 - Saguenéens : 5.
4:44 of 3rd period - Artem Anisimov wins face-off versus Alexander Wennberg in neutral zone.
4:59 of 3rd period - Snap shot by Artem Anisimov.
4:59 of 3rd period - Stopped by Joe Cannata without a rebound.
5:00 of 3rd period - Aleksander Barkov wins face-off versus Seth Griffith in Saguenéens zone.
5:13 of 3rd period - Slapshot by Carl Hagelin.
5:13 of 3rd period - Deflect By Aleksander Barkov.
5:13 of 3rd period - Goal by Aleksander Barkov - Gangsters : 3 - Saguenéens : 6.
5:14 of 3rd period - Devante Smith-Pelly wins face-off versus Alexander Wennberg in neutral zone.
6:24 of 3rd period - Wrist shot by Morgan Ellis.
6:24 of 3rd period - Deflect By Adam Lowry.
6:24 of 3rd period - Stopped by Joe Cannata with a rebound.
6:26 of 3rd period - Snap shot by Sebastian Collberg.
6:26 of 3rd period - Stopped by Joe Cannata without a rebound.
6:27 of 3rd period - Artem Anisimov wins face-off versus Alexander Wennberg in Saguenéens zone.
6:55 of 3rd period - Off-side.
6:56 of 3rd period - Seth Griffith wins face-off versus Aleksander Barkov in neutral zone.
7:27 of 3rd period - Snap shot by Devante Smith-Pelly.
7:27 of 3rd period - Stopped by Joe Cannata without a rebound.
7:28 of 3rd period - Artem Anisimov wins face-off versus Alexander Wennberg in Saguenéens zone.
7:29 of 3rd period - Snap shot by Devante Smith-Pelly.
7:29 of 3rd period - Shot Misses the Net.
7:39 of 3rd period - Slapshot by Devante Smith-Pelly.
7:39 of 3rd period - Shot Blocked by Mason Raymond.
7:41 of 3rd period - Slapshot by Artem Anisimov.
7:41 of 3rd period - Shot Blocked by Seth Helgeson.
7:43 of 3rd period - Wrist shot by Devante Smith-Pelly.
7:43 of 3rd period - Stopped by Joe Cannata without a rebound.
7:44 of 3rd period - Aleksander Barkov wins face-off versus Seth Griffith in Saguenéens zone.
8:19 of 3rd period - Minor Penalty to Matt Delahey for Close Hand On Puck.
8:20 of 3rd period - Alexander Wennberg wins face-off versus Artem Anisimov in Gangsters zone.
8:20 of 3rd period - Wrist shot by Garnet Hathaway.
8:20 of 3rd period - Deflect By Brett Ponich.
8:20 of 3rd period - Shot Hit the Post.
8:20 of 3rd period - Puck is out of play.
8:21 of 3rd period - Alexander Wennberg wins face-off versus Artem Anisimov in Gangsters zone.
8:33 of 3rd period - Off-side.
8:34 of 3rd period - Alexander Wennberg wins face-off versus Artem Anisimov in neutral zone.
10:19 of 3rd period - Penalty to Matt Delahey is over, Matt Delahey is back on ice.
10:44 of 3rd period - Snap shot by Craig Cunningham.
10:44 of 3rd period - Stopped by Jordan Binnington without a rebound.
10:45 of 3rd period - Seth Griffith wins face-off versus Mike Amadio in Gangsters zone.
11:00 of 3rd period - Backhand shot by Seth Griffith.
11:00 of 3rd period - Shot Misses the Net.
11:12 of 3rd period - Richard Panik is hit by Aleksander Barkov and loses puck.
11:17 of 3rd period - Wrist shot by Aleksander Barkov.
11:17 of 3rd period - Shot Blocked by Seth Griffith.
11:19 of 3rd period - Snap shot by Carl Hagelin.
11:19 of 3rd period - Shot Blocked by Matt Delahey.
11:21 of 3rd period - Slapshot by Robert Hagg.
11:21 of 3rd period - Stopped by Jordan Binnington without a rebound.
11:22 of 3rd period - Mark Stone wins face-off versus Artem Anisimov in Gangsters zone.
11:48 of 3rd period - Alexander Wennberg is hit by Jonas Brodin and loses puck.
12:09 of 3rd period - Wrist shot by Craig Cunningham.
12:09 of 3rd period - Shot Blocked by Adam Lowry.
12:11 of 3rd period - Backhand shot by Nick Mattson.
12:11 of 3rd period - Stopped by Jordan Binnington with a rebound.
12:13 of 3rd period - Snap shot by Robert Hagg.
12:13 of 3rd period - Shot Misses the Net.
12:21 of 3rd period - Slapshot by Craig Cunningham.
12:21 of 3rd period - Shot Misses the Net.
12:47 of 3rd period - Ryan Culkin is hit by Teemu Pulkkinen and loses puck.
13:04 of 3rd period - Slapshot by Dave Dziurzynski.
13:04 of 3rd period - Shot Misses the Net.
13:06 of 3rd period - Wrist shot by Derrick Pouliot.
13:06 of 3rd period - Deflect By Devante Smith-Pelly.
13:06 of 3rd period - Shot Blocked by Seth Helgeson.
13:06 of 3rd period - Puck is out of play.
13:07 of 3rd period - Devante Smith-Pelly wins face-off versus Alexander Wennberg in Saguenéens zone.
13:10 of 3rd period - Slapshot by Dave Dziurzynski.
13:10 of 3rd period - Shot Blocked by Duncan Siemens.
13:12 of 3rd period - Snap shot by Dave Dziurzynski.
13:12 of 3rd period - Shot Blocked by Mason Raymond.
13:14 of 3rd period - Wrist shot by Artem Anisimov.
13:14 of 3rd period - Stopped by Joe Cannata with a rebound.
13:32 of 3rd period - Stefan Noesen is hit by Patrick Sieloff and loses puck.
13:37 of 3rd period - Snap shot by Aleksander Barkov.
13:37 of 3rd period - Shot Blocked by Brett Ponich.
13:39 of 3rd period - Snap shot by Aleksander Barkov.
13:39 of 3rd period - Shot Misses the Net.
13:41 of 3rd period - Wrist shot by Carl Hagelin.
13:41 of 3rd period - Stopped by Jordan Binnington with a rebound.
14:42 of 3rd period - Snap shot by Garnet Hathaway.
14:42 of 3rd period - Stopped by Jordan Binnington with a rebound.
15:24 of 3rd period - Wrist shot by David Pope.
15:24 of 3rd period - Stopped by Joe Cannata without a rebound.
15:25 of 3rd period - Alexander Wennberg wins face-off versus Artem Anisimov in Saguenéens zone.
15:50 of 3rd period - Mark Stone is hit by Seth Griffith and loses puck.
17:26 of 3rd period - Seth Griffith is hit by Teemu Pulkkinen and loses puck.
17:37 of 3rd period - Backhand shot by Teemu Pulkkinen.
17:37 of 3rd period - Deflect By Adam Erne.
17:37 of 3rd period - Stopped by Jordan Binnington with a rebound.
17:46 of 3rd period - Off-side.
17:47 of 3rd period - Alexander Wennberg wins face-off versus Artem Anisimov in neutral zone.
18:17 of 3rd period - Slapshot by Stefan Noesen.
18:17 of 3rd period - Shot Misses the Net.
18:19 of 3rd period - Slapshot by Stefan Noesen.
18:19 of 3rd period - Stopped by Joe Cannata with a rebound.
19:46 of 3rd period - Seth Griffith is hit by Garnet Hathaway and loses puck.
19:53 of 3rd period - Slapshot by Ryan Culkin.
19:53 of 3rd period - Deflect By David Pope.
19:53 of 3rd period - Shot Misses the Net.
19:53 of 3rd period - Puck is out of play.
19:54 of 3rd period - Dave Dziurzynski wins face-off versus Alexander Wennberg in Saguenéens zone.
19:55 of 3rd period - Snap shot by Devante Smith-Pelly.
19:55 of 3rd period - Stopped by Joe Cannata without a rebound.
19:56 of 3rd period - Artem Anisimov wins face-off versus Alexander Wennberg in Saguenéens zone.
19:59 of 3rd period - Slapshot by Devante Smith-Pelly.
19:59 of 3rd period - Shot Blocked by Seth Helgeson.
Goals for this period are 1 for Gangsters vs 4 for Saguenéens.
Shots for this period are 12 for Gangsters vs 12 for Saguenéens.
Back to the Top